 Dungeon Crawl Stone Soup version 0.30.0-29-ga12c61a403 (webtiles) character file.

Game seed: 5444884870597709567

176 Peloso the Covered (level 5, -4/47 HPs)
             Began as a Minotaur Fighter on June 25, 2023.
             Slain by an orc
             ... wielding a +0 flail
              (7 damage)
             ... on level 4 of the Dungeon.
             The game lasted 00:04:30 (2289 turns).

Peloso the Covered (Minotaur Fighter)               Turns: 2289, Time: 00:04:30

Health: -4/47      AC: 10    Str: 20    XL:     5   Next: 30%
Magic:  4/4        EV:  9    Int:  5    God:
Gold:   144        SH:  5    Dex: 12    Spells: 4/4 levels left

rFire   . . .        a - +0 long sword
rCold   . . .        d - +0 buckler
rNeg    . . .        b - +0 scale mail
rPois   .            (helmet restricted)
rElec   .            (no cloak)
rCorr   .            c - +2 pair of gloves
SInv    .            (no boots)
Will    .....        (no amulet) Stlth
                     (no ring)
HPRegen 0.27/turn    (no ring)
MPRegen 0.09/turn

%: no passive effects
@: attractive
A: horns 2, retaliatory headbutt
a: no special abilities


You were on level 4 of the Dungeon.
You visited 1 branch of the dungeon, and saw 4 of its levels.

You collected 144 gold pieces.

Inventory:

Hand Weapons
 a - a +0 long sword (weapon)
Armour
 b - a +0 scale mail (worn)
 c - a +2 pair of gloves (worn)
 d - a +0 buckler (worn)
Wands
 q - a wand of flame (15)
Scrolls
 e - a scroll of summoning
 f - 2 scrolls of vulnerability {unknown}
 k - a scroll of blinking {unknown}
 l - a scroll of teleportation {unknown}
 n - a scroll of immolation {unknown}
 o - a scroll of noise {unknown}
 r - a scroll of enchant armour {unknown}
Potions
 g - a potion of magic
 h - 3 potions of brilliance
 i - a potion of mutation
 m - 2 potions of flight
 s - 2 potions of might


   Skills:
 + Level 4.6 Fighting
 + Level 4.3 Long Blades
 + Level 4.7 Armour
 + Level 1.3 Dodging
 + Level 0.5 Stealth
 + Level 4.1 Shields


You had 4 spell levels left.
You didn't know any spells.
Your spell library contained the following spells:

 Spells                   Type           Power      Damage    Failure   Level
 Apportation              Tloc           0%         N/A       87%         1
 Necrotise                Necr           0%         1d4       87%         1
 Summon Small Mammal      Summ           0%         N/A       87%         1
 Call Canine Familiar     Summ           0%         N/A       99%         3
 Summon Guardian Golem    Hex/Summ       0%         N/A       99%         3


Dungeon Overview and Level Annotations

Branches:
Dungeon (4/15)
 Temple: D:4-7

Altars:
Xom


Innate Abilities, Weirdness & Mutations

You have a pair of horns on your head.
You reflexively headbutt those who attack you in melee.


Message History

The phantom is heavily damaged.
You block the orc priest's attack. The orc hits you with a +0 flail.
The phantom barely misses you.
You hit the phantom.
The phantom is heavily damaged.
The orc priest calls down the wrath of Beogh upon you.
Beogh smites you! The orc closely misses you.
The phantom hits you but does no damage.
You barely miss the phantom.
The phantom is heavily damaged.
The orc priest calls down the wrath of Beogh upon you.
Pain shoots through your body! The orc hits you but does no damage.
The phantom barely misses you.
Unknown command.
You hit the phantom. Your headbutt misses the phantom.
The phantom is heavily damaged.
The orc priest barely misses you. The orc hits you with a +0 flail!
* * * LOW HITPOINT WARNING * * *
The phantom hits you.
* * * LOW HITPOINT WARNING * * *
The orc priest completely misses you. The phantom closely misses you.
You furiously retaliate!
You headbutt the phantom. The orc hits you with a +0 flail.
* * * LOW HITPOINT WARNING * * *
It was a potion of cancellation.
You feel magically purged.
The orc priest hits you with a +0 flail.
* * * LOW HITPOINT WARNING * * *
The orc closely misses you. The phantom barely misses you.
It was a potion of attraction.
You feel attractive to monsters.
The orc priest casts a cantrip, but nothing happens.
The orc hits you but does no damage.
The phantom hits you but does no damage.
Okay, then.
As you read the scroll of summoning, it crumbles to dust.
Wisps of shadow whirl around you...
The orc priest hits you with a +0 flail.
* * * LOW HITPOINT WARNING * * *
The orc hits you with a +0 flail!
You die...

.##≈#≈≈# .#≈≈≈≈≈≈ ....
.~≈#≈≈≈#≈ .. ....
.##≈≈≈≈≈≈##.# .....
..#≈≈#≈≈≈~..# .....
..~##≈≈###..# ......
....~≈##....######......
.................W.>....
..###..#.#.##..o@#
...##..........oo#
#..##.##.#....5f.#
#..##.##†###..#.##
#..##.##.# #.........
#..##.##.# #.........
#........# #........o.
...####### #..........
...# . ..#......o.


You could see a phantom, an orc priest (ally target), an orc (ally target), a
friendly sleepcap (summoned), a friendly orc (summoned) and a friendly ufetubus
(summoned).

Vanquished Creatures
  2 orc wizards (D:4)
  5 adders
  A worm (D:2)
  A dart slug (D:1)
  6 orcs
  6 ball pythons
  5 bats
  7 endoplasms
  2 giant cockroaches
  2 hobgoblins
  7 jackals
  4 quokkas
  A frilled lizard (D:1)
  5 goblins
  5 kobolds
  8 rats
67 creatures vanquished.

Notes
Turn   | Place    | Note
-------+----------+-------------------------------------------
     0 | D:1      | Peloso the Minotaur Fighter began the quest for the Orb.
     0 | D:1      | Reached XP level 1. HP: 19/19 MP: 0/0
    95 | D:1      | Reached XP level 2. HP: 27/27 MP: 1/1
   660 | D:2      | Reached XP level 3. HP: 33/33 MP: 2/2
   756 | D:2      | Found a shimmering altar of Xom.
  1380 | D:3      | Reached XP level 4. HP: 41/41 MP: 3/3
  1409 | D:3      | Reached skill level 1 in Dodging
  1587 | D:3      | Found a faded altar of an unknown god.
  2005 | D:4      | Reached XP level 5. HP: 47/47 MP: 4/4
  2273 | D:4      | Noticed a phantom
  2289 | D:4      | Slain by an orc

Illustrated notes

Levels and vault maps discovered:
D:1:      elethiomel_arrival_shortcut, layout_rooms
D:2:      layout_basic, basic_altar
D:3:      layout_loops_ring, shapermc_ecumenical_altar_hornbeckon,
          minmay_pentangle
D:4:      cheibrodos_greedy_goblins, layout_basic,
          grunt_dithmenos_smoke_and_mirrors, minivault_4

Skill      XL: |  1  2  3  4 |
---------------+-------------+-----
Armour         | 4 |  4.7
Fighting       | 4 |  4.6
Shields        | 4 |  4.1
Long Blades    | 3 4 |  4.3
Dodging        | 1 |  1.3
Stealth        | |  0.5

Action                     |  1- 3 |  4- 6 || total
---------------------------+-------+-------++-------
  Melee: Long sword        |    94 |    84 ||   178
         Headbutt          |    12 |    11 ||    23
    Use: Potion            |     5 |     2 ||     7
         Scroll            |       |     4 ||     4
 Armour: Scale mail        |    60 |    51 ||   111
  Dodge: Dodged            |    55 |    52 ||   107
  Block: Buckler           |    18 |    27 ||    45
